 Dungeon Crawl Stone Soup version 0.29-a0-866-g0545e20025 (webtiles) character file.

Game seed: 3866918324605817815

3 Malachi the Ducker (level 1, -1/15 HPs)
             Began as a Djinni Wanderer on July 16, 2022.
             Killed from afar by a dart slug (4 damage)
             ... with a slug dart
             ... on level 1 of the Dungeon.
             The game lasted 00:00:24 (50 turns).

Malachi the Ducker (Djinni Wanderer)                  Turns: 50, Time: 00:00:24

Health: -1/15      AC:  3    Str: 10    XL:     1   Next: 55%
Gold:   0          EV: 13    Int: 16    God:
                   SH:  0    Dex: 10

rFire   + + .      SeeInvis .   a - +0 club
rCold   x . .      Faith    .   (no shield)
rNeg    . . .      Spirit   .   c - +0 robe
rPois   ∞          Reflect  .   d - +0 helmet
rElec   .          Harm     .   (no cloak)
rCorr   .          Rampage  .   (no gloves)
Will    .....                   (boots unavailable)
Stlth   +.........              (no amulet)
HPRegen 0.05/turn               (no ring)
MPRegen 0.00/turn               (no ring)

@: flying
A: sickness immunity, fire resistance 2, cold vulnerability 1, float, innate
caster, HP casting, extra vitality 1
a: no special abilities


You were on level 1 of the Dungeon.
You visited 1 branch of the dungeon, and saw 1 of its levels.

Inventory:

Hand Weapons
 a - a +0 club (weapon)
Armour
 c - a +0 robe (worn)
 d - a +0 helmet (worn)
Potions
 b - a potion of curing
 e - a potion of brilliance {unknown}


   Skills:
 + Level 1.1 Armour
 + Level 4.4 Dodging
 + Level 2.4 Spellcasting
 + Level 1.1 Invocations


You couldn't memorise any spells.
You knew the following spells:

 Your Spells              Type           Power      Damage    Failure   Level
a - Sandblast             Erth           18%        2d7       7%          1
b - Leda's Liquefaction   Hex/Erth       4%         N/A       56%         4
c - Animate Armour        Summ/Erth      18%        N/A       56%         4
d - Mephitic Cloud        Conj/Pois/Air  9%         N/A       22%         3
e - Shock                 Conj/Air       36%        1d5       7%          1

Your spell library contained the following spells:

 Spells                   Type           Power      Damage    Failure   Level


Dungeon Overview and Level Annotations

Branches:
Dungeon (1/15)

Altars:


Innate Abilities, Weirdness & Mutations

You are immune to sickness and miasma.
You are immune to poison.
Your flesh is very heat resistant. (rF++)
You are vulnerable to cold. (rC-)
You float through the air rather than walking.
You learn spells naturally, not from books.
Your magical power is your life essence.
You have superior vitality. (+4 MHP)


Message History

Press: ? - help, Q - select action, (/) - cycle Shift-Dir - straight line, f/p - giant cockroach
Aim: a giant cockroach (almost dead, 78% to hit)
The blast of sand hits the rat.
You kill the rat!
Unknown command.
Unknown command.
Aiming: Sandblast (safe; 8% risk of failure)
Press: ? - help, Q - select action, (/) - cycle Shift-Dir - straight line, f/p - giant cockroach
Aim: a giant cockroach (almost dead, 78% to hit)
The blast of sand hits the giant cockroach!
You kill the giant cockroach!
The ball python bites you. The ball python closely misses you. x2
The ball python grabs you. The ball python constricts you.
Unknown command.
Aiming: Sandblast (safe; 8% risk of failure)
Press: ? - help, Q - select action, (/) - cycle Shift-Dir - straight line, f - ball python
Aim: a ball python (constricting you, 75% to hit)
The blast of sand hits the ball python!
You kill the ball python!
The ball python bites you but does no damage.
The ball python grabs you. The ball python constricts you.
The ball python closely misses you. The ball python constricts you.
Aiming: Sandblast (safe; 8% risk of failure)
Press: ? - help, Q - select action, (/) - cycle Shift-Dir - straight line, f - ball python
Aim: a ball python (constricting you, 75% to hit)
The blast of sand hits the ball python!
You kill the ball python!
The goblin hits you with a +0 dagger.
Aiming: Sandblast (safe; 7% risk of failure)
Press: ? - help, Q - select action, (/) - cycle Shift-Dir - straight line, f - goblin
Aim: a goblin, wielding a +0 dagger (72% to hit)
The blast of sand hits the goblin.
The goblin is severely wounded.
The goblin hits you but does no damage. The goblin hits you with a +0 dagger.
* * * LOW HITPOINT WARNING * * *
You hit the goblin.
You kill the goblin!
The dart slug launches a dart at you. The slug dart hits you.
You die...

#........#
#..#..⌠..##.
#...######
#..#.....##. #...#
#..+..8..##. #...#
####.....# #...#
#######
####+###...#
.....!.....#
...........#######
..........Kw)@...#
..........$#####.#
...........#
...........#
...........#
....(......#
.......#### ......


You could see a dart slug and a kobold.

Vanquished Creatures
  A giant cockroach (D:1)
  A goblin (D:1)
  2 ball pythons (D:1)
  A rat (D:1)
5 creatures vanquished.

Notes
Turn   | Place    | Note
-------+----------+-------------------------------------------
     0 | D:1      | Malachi the Djinni Wanderer began the quest for the Orb.
     0 | D:1      | Malachi set off with the following items: a +0 club, a
                  | potion of curing, a +0 robe, a +0 helmetthe following
                  | spells memorised: Sandblast, Leda's Liquefaction, Animate
                  | Armour, Mephitic Cloud, Shock.
     0 | D:1      | Reached XP level 1. HP: 15/15 MP: 0/0
    50 | D:1      | Killed from afar by a dart slug

Illustrated notes

Levels and vault maps discovered:
D:1:      dpeg_arrival_simpleton_b, layout_basic,
          ebering_ecumenical_altar_abandoned, kennysheep_another_room

Action                   || total
-------------------------++-------
Melee: Club              ||     2
 Cast: Sandblast         ||     6
Armor: Robe              ||     4
Dodge: Dodged            ||    10

Table legend: (Time is in decaauts)
 A = Elapsed time spent in this place.
 B = Non-inter-level travel time spent in this place.
 C = Inter-level travel time spent in this place.
 D = Time resting spent in this place.
 E = Time spent auto-exploring this place.
 F = Levels seen in this place.
 G = Mean time per level.
                   A        B        C        D        E       F      G
               +--------+--------+--------+--------+--------+-----+--------+
         Total |     56 |     56 |      0 |      0 |     33 |   1 |   56.0 |
       Dungeon |     56 |     56 |      0 |      0 |     33 |   1 |   56.0 |
               +--------+--------+--------+--------+--------+-----+--------+

Top non-repeatable levels by time:
     D:1: 56 daAuts
